AoeStats
← Challwaq

Nomad

509744282Analyzed
3v3 RM · 4d ago on Sep 27, 2026· 53m 18s· 6 players
Game mode
Random Map
Map size
210×210
Population
200
Speed
Normal
Resources
Standard
Victory
Conquest
Starting age
Dark Age
Ending age
Imperial Age
RankedLock teamsTeams togetherTeam positionsShared explorationLock speedFull tech treeHidden civsTurbo modeCheats
Victory
Defeat
🇧🇴 Ethiopians · Bolivia
1143
+13
🇧🇴 Celts · Bolivia
1108
+15
🇧🇴 Burgundians · Bolivia
1106
+15
🇦🇷 Bengalis · Argentina
1103
-16
🇦🇷 Varangians · Argentina
1103
-15
🇦🇷 Franks · Argentina
1037
-12
EZEKIEL_2517
11:56 Loom
15:06 Feudal Age
15:42 Double-Bit Axe
20:29 Fishing Lines
24:08 Castle Age
22:56 Scale Barding Armor
25:01 Bow Saw
26:55 Medium Warships
31:25 Gillnets
32:10 Town Watch
35:50 Fletching
37:53 Wheelbarrow
39:11 Bodkin Arrow
40:17 Hand Cart
44:21 Imperial Age
42:21 Bloodlines
42:12 Husbandry
43:21 Chain Barding Armor
43:12 Forging
44:12 Padded Archer Armor
46:05 Two-Man Saw
45:34 Bracer
45:44 Paiks
45:59 Conscription
47:15 Leather Archer Armor
49:10 Ring Archer Armor
48:50 Horse Collar
50:56 Iron Casting
49:48 Light Cavalry
53:31 Plate Barding Armor
Challwaq
5:02 Loom
13:33 Feudal Age
15:31 Gold Mining
25:33 Wheelbarrow
31:18 Castle Age
29:06 Fishing Lines
32:21 Medium Warships
31:34 Demolition Ship
32:11 Gillnets
32:18 Stone Mining
34:06 Husbandry
37:10 Scale Barding Armor
37:16 Forging
38:52 Chain Barding Armor
42:23 Double-Bit Axe
48:04 Bow Saw
51:57 Imperial Age
52:17 Squires
52:14 Pikeman
52:38 Cavalier
Moralelastic
7:07 Loom
7:13 Loom
14:53 Feudal Age
15:38 Fishing Lines
16:12 Double-Bit Axe
16:51 Bloodlines
19:18 Town Watch
22:39 Forging
22:57 Scale Barding Armor
25:52 Castle Age
25:48 Gold Mining
25:39 Horse Collar
27:42 Wheelbarrow
27:30 Squires
27:30 Scale Mail Armor
28:05 Iron Casting
28:18 Gambesons
28:20 Arson
28:51 Chain Mail Armor
29:13 Gillnets
32:48 Imperial Age
31:38 Heavy Plow
35:41 Plate Mail Armor
36:48 Elite Varangian Guard
48:53 Husbandry
49:36 Masonry
Totolu
4:55 Loom
12:48 Fishing Lines
17:58 Feudal Age
16:57 Double-Bit Axe
17:06 Gold Mining
22:01 Fletching
22:23 Forging
24:14 Castle Age
23:06 Wheelbarrow
22:47 Bow Saw
25:42 Iron Casting
25:10 Stone Mining
27:24 Medium Warships
28:12 Scale Barding Armor
30:44 Hand Cart
30:46 Horse Collar
32:17 Chain Barding Armor
32:53 Pikeman
35:27 Stone Shaft Mining
37:10 Squires
38:17 Fervor
38:20 Redemption
38:43 Town Watch
41:55 Two-Man Saw
41:00 Heavy Plow
42:03 Arson
44:19 Redemption
47:30 Ballistics
47:07 Murder Holes
48:07 Cavalier
48:47 Husbandry
52:46 Imperial Age
50:28 Scale Mail Armor
51:00 Burgundian Vineyards
51:48 Crop Rotation
52:02 Gold Shaft Mining
52:37 Town Patrol
53:08 Caravan
53:15 Paladin
Drakmorte
4:30 Loom
14:09 Feudal Age
19:30 Castle Age
23:48 Wheelbarrow
23:25 Scale Mail Armor
23:57 Town Watch
28:50 Horse Collar
30:00 Heavy Plow
29:48 Double-Bit Axe
31:51 Hand Cart
31:31 Crossbowman
34:11 Fletching
34:22 Padded Archer Armor
34:59 Thumb Ring
40:34 Imperial Age
38:04 Bodkin Arrow
38:26 Leather Archer Armor
38:33 Ballistics
40:57 Arbalester
42:03 Town Patrol
43:18 Gold Mining
45:51 Bracer
46:53 Gold Shaft Mining
46:11 Stone Mining
50:00 Bow Saw
50:29 Conscription
53:48 Ring Archer Armor
54:26 Chemistry
53:41 Masonry
53:36 Siege Engineers
Escr0t0Blindad0
7:00 Loom
14:06 Feudal Age
14:45 Double-Bit Axe
20:33 Castle Age
18:53 Horse Collar
21:45 Bow Saw
29:27 Pikeman
31:17 Gambesons
35:59 Wheelbarrow
39:56 Imperial Age
37:47 Heavy Plow
37:36 Arson
38:42 Gold Mining
39:59 Fletching
40:20 Forging
40:46 Halberdier
41:31 Bodkin Arrow
42:22 Heavy Scorpion
43:31 Ballistics
48:39 Hand Cart
49:22 Iron Casting
48:47 Scale Mail Armor
51:30 Furor Celtica
51:43 Conscription
52:15 Stronghold
53:04 Onager
Connection lost

Rejoining the realm…

Still unreachable

The connection could not be restored.

Session expired

The server has moved on; the page needs a fresh start.